 Dungeon Crawl Stone Soup version 0.29-a0-892-g2c4c91d9db (webtiles) character file.

Game seed: 13521045933130226534

105 Essalna the Cutter (level 5, -3/33 HPs)
             Began as a Kobold Monk on July 22, 2022.
             Slain by an orc
             ... wielding a +0 short sword
              (6 damage)
             ... on level 2 of the Dungeon.
             The game lasted 00:06:01 (2764 turns).

Essalna the Cutter (Kobold Monk)                    Turns: 2764, Time: 00:06:01

Health: -3/33      AC:  2    Str:  8    XL:     5   Next: 9%
Magic:  5/5        EV: 22    Int: 12    God:
Gold:   99         SH:  0    Dex: 25    Spells: 4/4 levels left

rFire   . . .      SeeInvis .   h - +1 short sword (holy)
rCold   . . .      Faith    .   (no shield)
rNeg    . . .      Spirit   .   b - +0 robe
rPois   .          Reflect  .   (no helmet)
rElec   .          Harm     .   (no cloak)
rCorr   .          Rampage  .   (no gloves)
Will    .....                   (no boots)
Stlth   ++++......              (no amulet)
HPRegen 0.11/turn               w - +4 ring of evasion
MPRegen 0.09/turn               n - +6 ring of dexterity

@: no status effects
A: small, no large weapons, nightstalker 3
a: no special abilities


You were on level 2 of the Dungeon.
You visited 1 branch of the dungeon, and saw 3 of its levels.

You collected 99 gold pieces.

Inventory:

Hand Weapons
 a - a +0 short sword
 h - a +1 short sword of holy wrath (weapon)
Missiles
 v - a datura-tipped dart (quivered)
Armour
 b - a +0 robe (worn)
Jewellery
 k - a ring of positive energy
 n - a +6 ring of dexterity (right hand)
 w - a +4 ring of evasion (left hand)
 y - a +6 ring of strength
Scrolls
 d - 5 scrolls of identify {unknown}
 e - 2 scrolls of brand weapon {unknown}
 f - a scroll of blinking {unknown}
 j - 3 scrolls of teleportation {unknown}
 l - 2 scrolls of immolation {unknown}
 p - 2 scrolls of magic mapping {unknown}
 r - 3 scrolls of enchant weapon {unknown}
 u - a scroll of noise {unknown}
Potions
 c - a potion of ambrosia
 g - 2 potions of lignification {unknown}
 i - a potion of degeneration {unknown}
 m - 3 potions of berserk rage {unknown}
 o - a potion of flight {unknown}
 q - a potion of magic {unknown}
 s - a potion of attraction {unknown}
 t - 3 potions of mutation {unknown}
 x - a potion of curing {unknown}


   Skills:
 + Level 4.1 Fighting
 + Level 5.0 Short Blades
 + Level 4.4 Dodging
 + Level 4.1 Stealth


You had 4 spell levels left.
You didn't know any spells.
Your spell library contained the following spells:

 Spells                   Type           Power      Damage    Failure   Level
 Apportation              Tloc           0%         N/A       32%         1
 Summon Small Mammal      Summ           0%         N/A       32%         1
 Call Canine Familiar     Summ           0%         N/A       69%         3
 Summon Guardian Golem    Hex/Summ       0%         N/A       69%         3
 Alistair's Intoxication  Tmut/Pois      0%         N/A       100%        5


Dungeon Overview and Level Annotations

Branches:
Dungeon (3/15)

Altars:


Innate Abilities, Weirdness & Mutations

You are small and have problems with some larger weapons.
You are completely attuned to the shadows.


Message History

The adder is lightly wounded.
You feel sick. The orc misses you.
The orc barely misses the orc.
The adder misses you.
The orc hits the orc but does no damage.
You puncture the adder!
The adder is severely wounded.
You feel sick.
You are no longer poisoned.
The orc hits the orc but does no damage.
The adder misses you.
The orc barely misses the orc.
The orc misses you.
You hit the adder.
You kill the adder!
The orc closely misses you. x2; The orc barely misses the orc.
Your Short Blades skill increases to level 5!
You have reached level 5!
You feel clever.
You hit the orc.
The orc is almost dead.
The orc hits you but does no damage. The orc barely misses you.
The orc hits you with a +0 hand axe!
The orc hits the orc but does no damage.
You closely miss the orc.
The orc is almost dead.
The orc hits the orc but does no damage.
You hit the orc but do no damage.
The orc is almost dead.
The orc closely misses you.
The orc closely misses the orc.
The orc barely misses you.
You barely miss the orc. Your punch misses the orc.
The orc is almost dead.
The orc hits you with a +0 short sword.
* * * LOW HITPOINT WARNING * * *
The orc closely misses you.
The orc hits the orc with a +0 hand axe.
You hit the orc.
You kill the orc!
The orc hits you with a +0 short sword.
* * * LOW HITPOINT WARNING * * *
The orc hits you with a +0 short sword.
You die...

######### ##.......#
########
#........####o)....# ##
#............@.....# .#
#......<...........# .#
#.....##...........# .#
#^....##.......>...#
.###.....##......######
.........##.######
.........##.#
.........##.#
.........##.#


You could see a neutral orc (fast, strong, insane).

Vanquished Creatures
  2 adders (D:2)
  A worm (D:2)
  4 dart slugs
  2 orcs
  9 ball pythons
  5 endoplasms
  3 giant cockroaches
  8 goblins
  7 hobgoblins
  4 jackals (D:1)
  4 kobolds
  A quokka (D:3)
  4 bats
  2 frilled lizards
  10 rats
66 creatures vanquished.

Vanquished Creatures (collateral kills)
  An orc (D:3)
  A goblin (D:3)
2 creatures vanquished.

Vanquished Creatures (others)
  An orc priest (D:3)
1 creature vanquished.

Grand Total: 69 creatures vanquished

Notes
Turn   | Place    | Note
-------+----------+-------------------------------------------
     0 | D:1      | Essalna the Kobold Monk began the quest for the Orb.
     0 | D:1      | Reached XP level 1. HP: 14/14 MP: 1/1
    27 | D:1      | Found a faded altar of an unknown god.
   143 | D:1      | Reached XP level 2. HP: 19/19 MP: 2/2
   402 | D:1      | Reached XP level 3. HP: 4/23 MP: 3/3
  1542 | D:2      | Reached XP level 4. HP: 29/29 MP: 4/4
  2760 | D:2      | Reached skill level 5 in Short Blades
  2760 | D:2      | Reached XP level 5. HP: 18/33 MP: 5/5
  2764 | D:2      | Slain by an orc

Illustrated notes

Levels and vault maps discovered:
D:1:      dpeg_arrival_ratfight, layout_basic, ebering_ecumenical_altar_webs
D:2:      layout_basic, minmay_quantized
D:3:      kennysheep_goblin_castle, layout_rooms, uniq_jessica

Skill      XL: |  1  2  3  4 |
---------------+-------------+-----
Stealth        | 3 4 |  4.1
Dodging        | 4 |  4.4
Fighting       | 4 |  4.1
Short Blades   | 5 |  5.0

Action                   |  1- 3 |  4- 6 || total
-------------------------+-------+-------++-------
Melee: Short sword       |   102 |    70 ||   172
       Punch             |     2 |     1 ||     3
Throw: Dart              |       |     2 ||     2
 Stab: Sleeping          |    21 |     9 ||    30
       Distracted        |       |     1 ||     1
Armor: Robe              |     7 |     3 ||    10
Dodge: Dodged            |    71 |    61 ||   132

Table legend: (Time is in decaauts)
 A = Elapsed time spent in this place.
 B = Non-inter-level travel time spent in this place.
 C = Inter-level travel time spent in this place.
 D = Time resting spent in this place.
 E = Time spent auto-exploring this place.
 F = Levels seen in this place.
 G = Mean time per level.
                   A        B        C        D        E       F      G
               +--------+--------+--------+--------+--------+-----+--------+
         Total |   2740 |   2694 |     46 |      0 |   2274 |   3 |  913.3 |
       Dungeon |   2740 |   2694 |     46 |      0 |   2274 |   3 |  913.3 |
               +--------+--------+--------+--------+--------+-----+--------+

Top non-repeatable levels by time:
     D:1: 1325 daAuts
     D:2: 1118 daAuts
     D:3: 296 daAuts
